 Dungeon Crawl Stone Soup version 0.15.2 (webtiles) character file.

46184 Miyamura the Aerator (level 14, 0/68 HPs)
             Began as a Deep Elf Fire Elementalist on Dec 14, 2014.
             Was a High Priest of Vehumet.
             Slain by a warg (18 damage)
             ... led by an orc high priest
             ... on Level 4 of the Orcish Mines.
             The game lasted 01:58:48 (31087 turns).

Miyamura the Aerator (Deep Elf Fire Elementalist)  Turns: 31087, Time: 01:58:48

HP   0/68        AC  4     Str  8      XL: 14   Next:  3%
MP  38/46        EV 13     Int 26      God: Vehumet [*****.]
Gold 911         SH  0     Dex 18      Spells: 10 memorised,  1 level left

rFire  . . .     SeeInvis .     v - +4 short sword
rCold  . . .     Clarity  .     x - +2 robe of Midwinter {Str+3 Dex+3}
rNeg   . . .     rCorr    .     (no shield)
rPois  .         rRot     .     (no helmet)
rElec  .         Spirit   .     (no cloak)
SustAb .         Warding  .     (no gloves)
rMut   .         Stasis   .     (no boots)
Gourm  .                        (no amulet)
MR     ++...                    m - ring of protection from magic
                                i - ring of magical power

@: flying (expiring), very slightly contaminated, very resistant to hostile
enchantments, unstealthy
A: mutation resistance 1
a: Renounce Religion


You were on level 4 of the Orcish Mines.
You worshipped Vehumet.
Vehumet was extremely pleased with you.
You were very hungry.

You visited 4 branches of the dungeon, and saw 21 of its levels.

You collected 1916 gold pieces.
You spent 1005 gold pieces at shops.

Inventory:

Hand weapons
 v - a +4 short sword (weapon)
Armour
 x - the +2 robe of Midwinter (worn) {Str+3 Dex+3}
   (You found it on level 6 of the Dungeon)

   It affects your strength (+3).
   It affects your dexterity (+3).
 K - a +2 pair of gloves
Magical devices
 e - a wand of random effects (9)
 t - a wand of magic darts (12)
 y - a wand of digging (6)
 C - a wand of disintegration (10)
 F - a wand of fire (9)
 N - a wand of heal wounds (4)
 T - a wand of hasting (6)
Comestibles
 c - 9 bread rations
 h - 3 meat rations
 k - 3 rotting chunks of orc flesh
 E - 10 fruits
 P - 9 royal jellies
Scrolls
 g - 5 scrolls of fog
 j - 2 scrolls of teleportation
 q - a scroll of recharging
 r - 4 scrolls of magic mapping
 s - 2 scrolls of fear
 B - 5 scrolls of remove curse
 Q - a scroll of enchant weapon
Jewellery
 i - a ring of magical power (left hand)
 m - a ring of protection from magic (right hand)
 H - a cursed ring of flight
Potions
 a - a potion of invisibility
 f - a potion of porridge
 l - a potion of brilliance
 n - a potion of resistance {unknown}
 p - a potion of flight
 u - 3 potions of agility
 w - a potion of restore abilities
 z - a potion of berserk rage {unknown}
 G - 2 potions of haste
Books
 b - a book of Flames

   Spells                             Type                      Level
   *Flame Tongue                      Conjuration/Fire             1
   *Throw Flame                       Conjuration/Fire             2
   Conjure Flame                      Conjuration/Fire             3
   Inner Flame                        Hexes/Fire                   3
   *Sticky Flame                      Conjuration/Fire             4
   *Fireball                          Conjuration/Fire             5
 o - Ivavuaph's Handbook of the Vitriolic Voyage
   (You bought it in a shop on level 4 of the Orcish Mines)

   Spells                             Type                      Level
   Cure Poison                        Poison                       2
   *Blink                             Translocation                2
   Teleport Other                     Translocation                3
   Summon Forest                      Summoning/Translocation      5
   Poisonous Cloud                    Conjuration/Poison/Air       6
 D - a book of the Sky

   Spells                             Type                      Level
   *Flight                            Charms/Air                   3
   *Airstrike                         Air                          4
   Silence                            Hexes/Air                    5
   Deflect Missiles                   Charms/Air                   6
   Conjure Ball Lightning             Conjuration/Air              6
   *Tornado                           Air                          9
 O - a book of Clouds

   Spells                             Type                      Level
   Mephitic Cloud                     Conjuration/Poison/Air       3
   Conjure Flame                      Conjuration/Fire             3
   Poisonous Cloud                    Conjuration/Poison/Air       6
   *Freezing Cloud                    Conjuration/Ice/Air          6
   Ring of Flames                     Charms/Fire                  7
Miscellaneous
 M - a fan of gales


   Skills:
 - Level 2.4 Dodging
 - Level 2.4 Stealth
 + Level 12.9 Spellcasting
 - Level 8.2 Conjurations
 - Level 8.6 Fire Magic
 + Level 18.7 Air Magic


You had one spell level left.
You knew the following spells:

 Your Spells              Type           Power        Failure   Level  Hunger
a - Airstrike             Air            #######...   1%          4    None
b - Blink                 Tloc           N/A          6%          2    None
c - Sticky Flame          Conj/Fire      ######..     1%          4    None
d - Fireball              Conj/Fire      ######....   1%          5    #......
e - Sting                 Conj/Pois      ####         1%          1    None
f - Flame Tongue          Conj/Fire      #####        1%          1    None
g - Tornado               Air            #######...   54%         9    #######
h - Flight                Chrm/Air       ######....   1%          3    None
i - Freezing Cloud        Conj/Ice/Air   ######....   4%          6    #####..
t - Throw Flame           Conj/Fire      ######       1%          2    None


Dungeon Overview and Level Annotations

Branches:
Dungeon (11/15)            Temple (1/1) D:6             Orc (4/4) D:9
    Elf (0/3) Orc:3          Lair (5/8) D:11          Swamp (0/5) Lair:4
  Snake (0/5) Lair:3

Altars:
Ashenzari
Cheibriados
Dithmenos
Elyvilon
Fedhas
Kikubaaqudgha
Makhleb
Nemelex Xobeh
Okawaru
Qazlal
Sif Muna
Trog
Vehumet
Xom
Yredelemnul
Zin
Beogh

Shops:
Orc:4 *?:((


Innate Abilities, Weirdness & Mutations

You are somewhat resistant to further mutation.


Message History

You are feeling very hungry.
You are engulfed in raging winds.
The orc high priest mumbles some strange prayers to Beogh.
A troll comes into view.
An orc comes into view. It is wielding a flail.
You are engulfed in raging winds.
You float gracefully downwards.
The vortex of raging winds lifts you up.
You fly up into the air.
You are engulfed in raging winds.
The orc throws a tomahawk.
The tomahawk closely misses you.
Evoke which item? (* to show all) (? for menu, Esc to quit)
Zapping:
N - a wand of heal wounds (5)
Press: ? - help, Shift-Dir - straight line, f - you You feel much better.
This wand has 4 charges left.
You are engulfed in raging winds.
The orc wizard dies!
The orc dies!
You are engulfed in raging winds.
* * * LOW HITPOINT WARNING * * *
The warg bites you!!
You die...

##############################
##..#.#.#.§§§##§@.#.##........###
#.......§§§§§§§§h§.............#.
##....#..§§§§§§§§§...............
##....[#.§§§§§§§4§§§.............
..)[[..o§§§§§.§§§§§§.........#...
..[.[..[§o§§4v§§§§§..............
#..)######§§§§§§o§§..............
......[..##§§§T§§§...........)...
......[[[.##§o§§§................


You could see an orange demon, a troll, a blue devil, a warg and an orc warrior.

Vanquished Creatures
  An orc warlord (Orc:1)
  6 hydras
  An anaconda (Lair:5)
  An orc high priest (Orc:4)
  3 death yaks
  Nergalle (Lair:1)
  An orc knight (D:9)
  A hill giant (D:10)
  2 wolf spiders (Orc:2)
  A cyclops (Orc:4)
  An ugly thing (D:11)
  A manticore (D:11)
  5 orc sorcerers
  Joseph (Orc:4)
  A centaur zombie (D:11)
  4 black mambas (Lair:5)
  12 spiny frogs
  6 komodo dragons
  A hellwing (Orc:4)
  An iron devil (Orc:4)
  2 fire drakes
  2 trolls
  17 blink frogs
  Sonja (Orc:4)
  4 polar bears (Lair:1)
  A queen bee (Lair:1)
  Prince Ribbit (D:9)
  A deep elf mage (D:10)
  A shadow (D:11)
  A redback (Orc:2)
  3 basilisks
  22 yaks
  Eustachio (D:5)
  2 wyverns (D:10)
  2 wargs
  2 steam dragons (D:11)
  2 hungry ghosts
  3 hippogriffs
  Edmund (D:7)
  Menkaure (D:6)
  7 wolves
  12 water moccasins
  A soldier ant (D:10)
  2 porcupines
  2 ice beasts
  A spider (Orc:2)
  24 orc warriors
  9 black bears
  7 ogres
  7 sky beasts
  A centaur (D:10)
  A necrophage (D:10)
  Sigmund (D:6)
  3 big kobolds
  12 giant frogs
  Blork the orc (D:5)
  6 crocodiles
  A gnoll sergeant (D:9)
  3 scorpions
  2 eyes of draining (D:9)
  A yak zombie (D:10)
  A vampire bat (Orc:2)
  19 killer bees (Lair:1)
  7 jellies
  7 wights
  3 electric eels
  2 crimson imps
  2 goliath beetles (D:9)
  A giant frog zombie (D:10)
  A gnoll shaman (D:5)
  A centaur skeleton (D:9)
  33 orc priests
  11 worker ants
  A basilisk skeleton (D:11)
  7 hounds
  34 orc wizards
  12 iguanas
  Ijyb (D:3)
  2 ogre skeletons
  A hound skeleton (D:4)
  A mummy (D:10)
  2 worker ant zombies
  14 adders
  18 gnolls
  6 green rats (Lair:3)
  A shadow imp (D:9)
  3 worms
  An iguana skeleton (D:4)
  10 giant geckos
  150 orcs
  5 giant cockroaches
  20 goblins
  23 hobgoblins
  9 jackals
  32 kobolds
  16 quokkas
  21 bats
  5 giant newts
  3 giant spores
  A gnoll zombie (D:6)
  A goblin skeleton (D:3)
  A hobgoblin zombie (D:6)
  23 rats
  11 ballistomycetes
748 creatures vanquished.

Vanquished Creatures (others)
  An orc wizard (Orc:4)
  A gnoll (D:7)
  2 orcs (Orc:4)
  2 giant spores (D:11)
  A bush (Lair:5)
  6 fungi (Lair:5)
  2 plants
15 creatures vanquished.

Grand Total: 763 creatures vanquished

Notes
Turn   | Place    | Note
--------------------------------------------------------------
     0 | D:1      | Miyamura, the Deep Elf Fire Elementalist, began the quest for the Orb.
     0 | D:1      | Reached XP level 1. HP: 10/10 MP: 5/5
   333 | D:1      | Reached XP level 2. HP: 10/15 MP: 0/8
   419 | D:1      | Learned a level 2 spell: Throw Flame
   986 | D:1      | Reached XP level 3. HP: 19/19 MP: 8/11
  1176 | D:2      | Reached skill level 4 in Spellcasting
  2065 | D:2      | Reached XP level 4. HP: 24/24 MP: 6/15
  2129 | D:2      | Learned a level 4 spell: Sticky Flame
  2699 | D:3      | Reached skill level 5 in Spellcasting
  2708 | D:3      | Reached XP level 5. HP: 28/28 MP: 12/19
  3213 | D:3      | Noticed Ijyb
  3226 | D:3      | Killed Ijyb
  3831 | D:3      | Found a radiant altar of Vehumet.
  3838 | D:3      | Became a worshipper of Vehumet
  4207 | D:4      | Reached XP level 6. HP: 32/32 MP: 12/21
  4264 | D:4      | Learned a level 5 spell: Fireball
  4487 | D:4      | Reached skill level 5 in Fire Magic
  4579 | D:4      | Reached skill level 6 in Spellcasting
  5363 | D:4      | Reached XP level 7. HP: 36/36 MP: 4/24
  5454 | D:5      | Entered Level 5 of the Dungeon
  5529 | D:5      | Noticed Eustachio
  5757 | D:5      | Killed Eustachio
  5757 | D:5      | Reached skill level 7 in Spellcasting
  5862 | D:5      | Reached skill level 5 in Conjurations
  5864 | D:5      | Acquired Vehumet's first power
  5864 | D:5      | Offered knowledge of Sting by Vehumet.
  6487 | D:5      | Reached XP level 8. HP: 41/41 MP: 18/27
  6599 | D:5      | Learned a level 1 spell: Sting
  6623 | D:5      | Found a white marble altar of Elyvilon.
  6670 | D:5      | Reached skill level 8 in Spellcasting
  6773 | D:5      | Noticed Blork the orc
  6782 | D:5      | Killed Blork the orc
  7105 | D:6      | Got an ancient robe
  7116 | D:6      | Identified the +2 robe of Midwinter {Str+3 Dex+3} (You found it on level 6 of the Dungeon)
  7272 | D:6      | Found a staircase to the Ecumenical Temple.
  7333 | D:6      | Noticed Menkaure
  7335 | D:6      | Killed Menkaure
  7486 | Temple   | Entered the Ecumenical Temple
  7603 | D:6      | Offered knowledge of Sandblast by Vehumet.
  7710 | D:6      | Noticed Sigmund
  7712 | D:6      | Killed Sigmund
  7900 | D:7      | Reached skill level 9 in Spellcasting
  8207 | D:7      | Learned a level 4 spell: Airstrike
  8290 | D:7      | Reached XP level 9. HP: 45/45 MP: 28/29
  8417 | D:7      | Offered knowledge of Searing Ray by Vehumet.
  8638 | D:7      | Reached skill level 10 in Spellcasting
  8748 | D:7      | Noticed Edmund
  8760 | D:7      | Killed Edmund
  8957 | D:8      | Noticed an iron devil
  8966 | D:8      | Acquired Vehumet's second power
  9121 | D:9      | Learned a level 9 spell: Tornado
  9128 | D:9      | Reached skill level 1 in Air Magic
  9144 | D:9      | Found a staircase to the Orcish Mines.
  9380 | D:9      | Found an ancient bone altar of Kikubaaqudgha.
  9421 | D:9      | Noticed Prince Ribbit
  9426 | D:9      | Killed Prince Ribbit
  9735 | D:9      | Reached skill level 5 in Air Magic
  9866 | D:9      | Offered knowledge of Iskenderun's Mystic Blast by Vehumet.
 10013 | D:9      | Found a shimmering altar of Xom.
 10501 | D:9      | Reached XP level 10. HP: 50/50 MP: 29/31
 11084 | D:10     | Entered Level 10 of the Dungeon
 11162 | D:9      | Acquired Vehumet's third power
 11328 | D:10     | Noticed a hill giant
 11336 | D:10     | Killed a hill giant
 11792 | D:10     | Offered knowledge of Venom Bolt by Vehumet.
 11984 | D:10     | Reached skill level 10 in Air Magic
 12682 | D:10     | Reached skill level 11 in Air Magic
 12755 | D:10     | Reached XP level 11. HP: 54/54 MP: 32/32
 13810 | D:11     | Found a staircase to the Lair.
 13955 | D:11     | Offered knowledge of Poison Arrow by Vehumet.
 13962 | D:11     | Reached skill level 12 in Air Magic
 15160 | Lair:1   | Entered Level 1 of the Lair of Beasts
 15214 | Lair:1   | Noticed a seven-headed hydra
 15231 | Lair:1   | Killed a seven-headed hydra
 15239 | Lair:1   | Reached skill level 13 in Air Magic
 15330 | Lair:1   | Noticed Nergalle
 15416 | D:11     | Noticed a four-headed hydra
 15422 | D:11     | Killed a four-headed hydra
 15571 | Lair:1   | Killed Nergalle
 15938 | Lair:1   | Reached skill level 14 in Air Magic
 16345 | Lair:1   | Reached XP level 12. HP: 59/59 MP: 4/33
 16695 | Lair:1   | Learned a level 3 spell: Flight
 17570 | Lair:2   | Reached skill level 15 in Air Magic
 17753 | Lair:2   | Offered knowledge of Bolt of Fire by Vehumet.
 17965 | Lair:2   | Noticed a five-headed hydra
 17967 | Lair:2   | Killed a five-headed hydra
 18300 | Lair:3   | Found a staircase to the Snake Pit.
 19219 | Lair:3   | Noticed a six-headed hydra
 19263 | Lair:3   | Reached skill level 16 in Air Magic
 19858 | Lair:3   | Noticed a six-headed hydra
 19870 | Lair:3   | Killed a six-headed hydra
 20895 | Lair:3   | Killed a six-headed hydra
 21172 | Lair:4   | Reached skill level 17 in Air Magic
 21283 | Lair:4   | Reached XP level 13. HP: 63/63 MP: 28/34
 21636 | Lair:4   | Found a staircase to the Swamp.
 23588 | Lair:5   | Reached skill level 18 in Air Magic
 24106 | Lair:5   | Got a polished ring mail
 24117 | Lair:5   | Identified the -4 ring mail of Lugonu's Regard {rF+} (You found it on level 5 of the Lair of Beasts)
 24541 | Orc:1    | Entered Level 1 of the Orcish Mines
 24665 | Orc:1    | Offered knowledge of Ozocubu's Refrigeration by Vehumet.
 25584 | Orc:1    | Found a roughly hewn altar of Beogh.
 25584 | Orc:1    | Noticed an orc warlord
 26613 | Orc:1    | Killed an orc warlord
 27048 | Orc:2    | Gained mutation: You are somewhat resistant to further mutation. [potion of beneficial mutation]
 27253 | Orc:2    | Learned a level 6 spell: Freezing Cloud
 27704 | Orc:3    | Offered knowledge of Bolt of Cold by Vehumet.
 28571 | Orc:3    | Found a staircase to the Elven Halls.
 29429 | Orc:4    | Entered Level 4 of the Orcish Mines
 29854 | Orc:4    | Noticed Sonja
 29857 | Orc:4    | Killed Sonja
 30039 | Orc:4    | Found a shimmering altar of Xom.
 30156 | Orc:4    | Found Mulujup's Antique Weapon Shoppe.
 30172 | Orc:4    | Offered knowledge of Delayed Fireball by Vehumet.
 30245 | Orc:4    | Found Elefum's Magic Scroll Shoppe.
 30245 | Orc:4    | Found Shiyptet's General Store.
 30247 | Orc:4    | Found Fypy's Book Emporium.
 30614 | Orc:4    | Reached XP level 14. HP: 68/68 MP: 34/37
 30776 | Orc:4    | Found Maekka's Weapon Emporium.
 30777 | Orc:4    | Noticed Joseph
 30787 | Orc:4    | Killed Joseph
 30985 | Orc:4    | Bought a scroll of identify for 26 gold pieces
 30985 | Orc:4    | Bought a scroll of teleportation for 39 gold pieces
 30985 | Orc:4    | Bought a scroll of fog for 26 gold pieces
 30985 | Orc:4    | Bought a scroll of fear for 45 gold pieces
 30985 | Orc:4    | Bought a scroll of recharging for 123 gold pieces
 30985 | Orc:4    | Bought a scroll of identify for 26 gold pieces
 30991 | Orc:4    | Bought Ivavuaph's Handbook of the Vitriolic Voyage for 720 gold pieces
 30995 | Orc:4    | Learned a level 2 spell: Blink
 31087 | Orc:4    | Slain by a warg

Action                   |  1- 3 |  4- 6 |  7- 9 | 10-12 | 13-15 || total
-------------------------+-------+-------+-------+-------+-------++-------
Melee: Dagger            |     7 |    35 |    74 |    92 |     6 ||   214
 Cast: Flame Tongue      |    74 |    32 |    14 |     3 |       ||   123
       Throw Flame       |    13 |   101 |   197 |    14 |       ||   325
       Sticky Flame      |       |    12 |    38 |    48 |    28 ||   126
       Fireball          |       |       |    13 |    63 |    28 ||   104
       Sting             |       |       |     6 |     1 |       ||     7
       Airstrike         |       |       |    32 |   357 |   391 ||   780
       Freezing Cloud    |       |       |       |       |     8 ||     8
       Tornado           |       |       |       |       |     3 ||     3
       Flight            |       |       |       |       |     1 ||     1
Evoke: Wand              |       |       |     2 |     5 |    29 ||    36
  Use: Scroll            |       |     1 |     5 |    22 |    11 ||    39
       Potion            |       |       |     1 |     4 |     5 ||    10
 Stab: Sleeping          |       |     2 |     2 |       |       ||     4
  Eat: Chunk             |     3 |    12 |    16 |    35 |    22 ||    88
       Royal jelly       |       |       |     1 |     1 |     2 ||     4
       Pizza             |       |       |       |     1 |     1 ||     2
       Beef jerky        |       |       |       |     1 |       ||     1
       Fruit             |       |       |       |     3 |    11 ||    14
